 Dungeon Crawl Stone Soup version 0.23.2-11-gf996548 (webtiles) character file.

Game seed: 11707075374387745983

22337 Fang the Fighter (level 12, -2/81 HPs)
             Began as a Gargoyle Berserker on June 3, 2019.
             Was a High Priest of Trog.
             Slain by a 12-headed hydra (7 damage)
             ... on level 5 of the Lair of Beasts on June 4, 2019.
             The game lasted 00:16:32 (12670 turns).

Fang the Fighter (Gargoyle Berserker)              Turns: 12670, Time: 00:16:32

Health: -2/81      AC: 27    Str: 26    XL:     12   Next: 99%
Magic:  12/12      EV: 11    Int: 13    God:    Trog [*****.]
Gold:   975        SH:  0    Dex:  9    Spells: 11/11 levels left

rFire    . . .     SeeInvis .   g - +9 broad axe (venom)
rCold    . . .     Gourm    .   (no shield)
rNeg     + . .     Faith    .   b - +1 plate armour
rPois    ∞         Spirit   .   D - +1 helmet {Int+3}
rElec    +         Reflect  .   (no cloak)
rCorr    .         Harm     .   (no gloves)
MR       .....                  (no boots)
Stlth    ..........             t - amulet of the acrobat
HPRegen  0.23/turn              q - +1 ring of slaying
MPRegen  0.13/turn              I - +2 ring of strength

@: berserk cooldown, slowed, very slow
A: negative energy resistance 1, electricity resistance, unbreathing,
petrification resistance, rot immunity, AC +8
a: Berserk, Trog's Hand, Brothers in Arms, Renounce Religion


You were on level 5 of the Lair of Beasts.
You worshipped Trog.
Trog was extremely pleased with you.
You were hungry.

You visited 3 branches of the dungeon, and saw 17 of its levels.

You collected 1147 gold pieces.
You spent 172 gold pieces at shops.

Inventory:

Hand Weapons
 a - a +2 war axe of freezing
 g - a +9 broad axe of venom (weapon)
 L - a +3 war axe of freezing
Armour
 b - a +1 plate armour (worn)
 D - a +1 helmet of intelligence (worn)
Jewellery
 o - an uncursed ring of positive energy
 q - a +1 ring of slaying (left hand)
 t - an amulet of the acrobat (around neck)
 G - an uncursed ring of stealth
 I - a +2 ring of strength (right hand)
Wands
 l - a wand of random effects (33)
 w - a wand of flame (27)
 y - a wand of clouds (4)
 B - a wand of disintegration (11)
 E - a wand of polymorph (4)
 F - a wand of iceblast (5)
Scrolls
 f - 7 scrolls of remove curse
 k - 4 scrolls of fear
 m - 4 scrolls of teleportation
 p - a scroll of random uselessness {unknown}
 s - 3 scrolls of magic mapping
Potions
 d - a potion of magic {unknown}
 e - 4 potions of curing {unknown}
 h - 2 potions of invisibility
 i - 2 potions of heal wounds
 j - 4 potions of flight
 n - a potion of berserk rage
 r - 3 potions of haste
 u - 6 potions of agility
 v - a potion of mutation
 z - 3 potions of might {unknown}
 A - 3 potions of cancellation {unknown}
 C - 3 potions of resistance {unknown}
Comestibles
 c - 17 rations
 x - a chunk of flesh


   Skills:
 + Level 12.0 Fighting
 + Level 10.3 Axes
 + Level 11.8 Armour
 + Level 9.2 Dodging


You had 11 spell levels left.
You didn't know any spells.
Your spell library was empty.

Dungeon Overview and Level Annotations

Branches:
Dungeon (12/15)            Temple (1/1) D:5            Lair (3/6) D:9
 Spider (0/4) Lair:2          Orc (0/2) D:10
  Swamp: Lair:2-4    Shoals: Lair:2-4

Altars:
Cheibriados
Dithmenos
Elyvilon
Fedhas
Gozag
Okawaru
Qazlal
Ru
Sif Muna
Xom
The Shining One

Shops:
D:4 ?   D:7 (   D:8 *   D:11 *   D:12 [


Innate Abilities, Weirdness & Mutations

You are resistant to torment.
Your stone body is resilient. (AC +8)
You are immune to poison.
You resist negative energy. (rN+)
You are resistant to electric shocks. (rElec)
You can survive without breathing.
You are immune to petrification.
You are immune to rotting.


Message History

The 11-headed hydra bites you but does no damage. x4
The 11-headed hydra barely misses you.
The 11-headed hydra completely misses you. x2
The 11-headed hydra barely misses you. The 11-headed hydra misses you.
The 11-headed hydra bites you.
The 11-headed hydra bites you but does no damage.
The 11-headed hydra bites you. The 11-headed hydra bites you!
* * * LOW HITPOINT WARNING * * *
The 11-headed hydra bites you!
* * * LOW HITPOINT WARNING * * *
The 11-headed hydra bites you but does no damage. x7
You lop one of the 11-headed hydra's heads off!
The ten-headed hydra grows two more!
You slash the 12-headed hydra!
The 12-headed hydra looks as sick as possible!
The 12-headed hydra is heavily wounded.
The 12-headed hydra bites you!
* * * LOW HITPOINT WARNING * * *
The 12-headed hydra bites you but does no damage. x3
The 12-headed hydra barely misses you. The 12-headed hydra bites you!
You die...

......P#..##### .......
........................
..<.....................
.................P......
................P......P
........................
.......†................
.......D................
.......@$...............
.......................#
.................P...<^.
........................
..............(..#.....#
...................##.##
.................#P####
.P..P##.P#.##.######
...## ########.#


You could see a 12-headed hydra.

Vanquished Creatures
  Fannar (D:11)
  Erica (D:9)
  3 death yaks (Lair:5)
  Nergalle (D:12)
  An unseen horror (D:11)
  Pikel (D:4)
  2 manticores (D:12)
  2 centaur zombies
  2 black mambas
  3 spiny frogs
  2 centaur skeletons
  2 rime drakes
  A komodo dragon (Lair:1)
  2 trolls (D:10)
  A polar bear (Lair:2)
  A jumping spider (Lair:2)
  A hornet (D:9)
  4 slime creatures (D:12)
  3 hippogriffs
  11 yaks
  A wyvern (D:11)
  A hungry ghost (D:8)
  Menkaure (D:4)
  3 porcupines
  4 water moccasins
  3 ice beasts
  5 orc warriors
  2 sky beasts
  2 phantoms
  An eye of draining (D:12)
  4 necrophages (D:7)
  5 black bears
  6 ogres
  5 centaurs
  5 wolves (Lair:2)
  4 crocodiles
  3 big kobolds
  13 bullfrogs
  6 gnoll sergeants (D:10)
  4 scorpions
  3 killer bees (D:11)
  5 electric eels
  3 wights (D:8)
  2 howler monkeys (D:11)
  9 crimson imps
  A bullfrog zombie (D:7)
  3 jellies
  6 hounds
  A quasit (D:11)
  6 orc priests
  Crazy Yiuf (D:5)
  A gnoll shaman (D:10)
  14 orc wizards
  2 bullfrog skeletons
  2 iguanas
  11 worker ants
  A hound zombie (D:7)
  A howler monkey skeleton (D:6)
  8 gnolls
  20 adders
  2 shadow imps (D:8)
  An adder skeleton (D:10)
  An adder zombie (D:7)
  2 worms
  3 dart slugs
  9 leopard geckos
  37 orcs
  2 ball pythons
  9 bats
  4 giant cockroaches
  10 goblins
  7 hobgoblins
  2 jackals (D:3)
  13 kobolds
  5 quokkas
  10 frilled lizards
  2 quokka skeletons (D:6)
  5 rats
  A bush (D:7)
348 creatures vanquished.

Vanquished Creatures (collateral kills)
  A hydra (Lair:2)
  2 wolves (Lair:2)
  A bullfrog (Lair:2)
4 creatures vanquished.

Vanquished Creatures (others)
  Sigmund (D:4)
  2 orcs (D:11)
  A bush (D:7)
  A fungus (D:9)
  7 plants (D:7)
12 creatures vanquished.

Grand Total: 364 creatures vanquished

Notes
Turn   | Place    | Note
-------+----------+-------------------------------------------
     0 | D:1      | Fang the Gargoyle Berserker began the quest for the Orb.
     0 | D:1      | Reached XP level 1. HP: 14/14 MP: 1/1
   206 | D:1      | Reached XP level 2. HP: 19/19 MP: 2/2
   781 | D:1      | Reached XP level 3. HP: 22/23 MP: 3/3
   927 | D:2      | Reached ** piety under Trog
  1138 | D:2      | Reached XP level 4. HP: 22/29 MP: 4/4
  1695 | D:2      | Reached skill level 4 in Fighting
  1778 | D:3      | Reached XP level 5. HP: 26/33 MP: 5/5
  2043 | D:3      | Reached XP level 6. HP: 29/39 MP: 6/6
  2141 | D:3      | Noticed a phantom
  2196 | D:3      | Killed a phantom
  2379 | D:3      | Reached *** piety under Trog
  2620 | D:4      | Reached skill level 5 in Fighting
  2620 | D:4      | Reached XP level 7. HP: 34/44 MP: 7/7
  2767 | D:4      | Noticed Menkaure
  2777 | D:4      | Killed Menkaure
  2785 | D:4      | Reached skill level 5 in Armour
  3008 | D:4      | Found Iczok's Magic Scroll Emporium.
  3036 | D:4      | Noticed Pikel
  3055 | D:4      | Killed Pikel
  3055 | D:4      | Reached skill level 6 in Fighting
  3055 | D:4      | Reached skill level 5 in Axes
  3055 | D:4      | Reached XP level 8. HP: 52/52 MP: 8/8
  3134 | D:4      | Noticed Sigmund
  3138 | D:4      | Killed Sigmund
  3308 | D:5      | Entered Level 5 of the Dungeon
  3316 | D:5      | Found a runed translucent door.
  3317 | D:5      | Noticed Crazy Yiuf
  3382 | D:5      | Found a deep blue altar of Sif Muna.
  3417 | D:5      | Found a staircase to the Ecumenical Temple.
  3439 | Temple   | Entered the Ecumenical Temple
  3467 | D:5      | Reached **** piety under Trog
  4058 | D:5      | Reached XP level 9. HP: 56/56 MP: 9/9
  4262 | D:5      | Killed Crazy Yiuf
  4573 | D:6      | Found a shadowy altar of Dithmenos.
  4591 | D:6      | Reached skill level 7 in Fighting
  4666 | D:6      | Reached skill level 5 in Dodging
  5566 | D:7      | Found a shimmering altar of Xom.
  5636 | D:7      | Found a glowing golden altar of the Shining One.
  5788 | D:7      | Found Ypsafo's Weapon Emporium.
  5857 | D:7      | Reached ***** piety under Trog
  5857 | D:7      | Reached skill level 8 in Fighting
  5969 | D:7      | Found a blossoming altar of Fedhas.
  6006 | D:7      | Found a sacrificial altar of Ru.
  6194 | D:7      | Reached XP level 10. HP: 62/64 MP: 10/10
  6422 | D:8      | Found Isuer's General Store.
  6568 | D:8      | Found an iron altar of Okawaru.
  6978 | D:8      | Paralysed by fainting for 8 turns
  7433 | D:9      | Received a gift from Trog
  7457 | D:9      | Noticed Erica
  7480 | D:9      | Killed Erica
  7480 | D:9      | Reached skill level 9 in Fighting
  7608 | D:9      | Identified a scroll of acquirement
  7666 | D:9      | You fall through a shaft!
  7666 | D:10     | Entered Level 10 of the Dungeon
  7891 | D:10     | Reached XP level 11. HP: 71/71 MP: 11/11
  8076 | D:10     | Found a staircase to the Orcish Mines.
  8208 | D:10     | Reached skill level 10 in Fighting
  8705 | D:11     | Killed an unseen horror
  8764 | D:11     | Reached skill level 10 in Armour
  8817 | D:11     | Noticed Fannar
  8849 | D:11     | Killed Fannar
  9018 | D:11     | You fall through a shaft!
  9527 | D:12     | Noticed a manticore
  9534 | D:12     | Killed a manticore
  9717 | D:12     | Noticed a manticore
  9722 | D:12     | Killed a manticore
  9722 | D:12     | Reached XP level 12. HP: 79/79 MP: 1/12
  9726 | D:12     | Found Miym's Antique Armour Shop.
  9727 | D:12     | Noticed Nergalle
  9736 | D:12     | Killed Nergalle
  9736 | D:12     | Reached skill level 11 in Fighting
  9738 | D:12     | Bought a glowing helmet for 172 gold pieces
 10094 | D:11     | Found Sinlimoc's General Store.
 10398 | D:9      | Found an opulent altar of Gozag.
 10568 | D:9      | Found a staircase to the Lair.
 10655 | D:9      | Found a stormy altar of Qazlal.
 10655 | D:9      | Found a white marble altar of Elyvilon.
 10656 | D:9      | Found a snail-covered altar of Cheibriados.
 10809 | Lair:1   | Entered Level 1 of the Lair of Beasts
 11452 | Lair:2   | Received a gift from Trog
 11456 | Lair:2   | Reached ****** piety under Trog
 11706 | Lair:2   | Noticed a seven-headed hydra
 11720 | Lair:2   | Killed an 11-headed hydra
 11720 | Lair:2   | Reached skill level 10 in Axes
 12098 | Lair:2   | Found a hole to the Spider Nest.
 12633 | Lair:3   | You fall through a shaft for 2 floors!
 12651 | Lair:5   | Noticed a death yak
 12652 | Lair:5   | Noticed a death yak
 12653 | Lair:5   | Noticed a death yak
 12653 | Lair:5   | Noticed a six-headed hydra
 12661 | Lair:5   | Killed a death yak
 12662 | Lair:5   | Killed a death yak
 12664 | Lair:5   | Killed a death yak
 12664 | Lair:5   | Reached skill level 12 in Fighting
 12670 | Lair:5   | Slain by a 12-headed hydra

Skill      XL: |  1  2  3  4  5  6  7  8  9 10 11 12 |
---------------+-------------------------------------+-----
Dodging        | 2 3 4 5 7 8 9 |  9.2
Axes           | 3 4 5 6 8 9 10 | 10.3
Armour         | 3 4 5 6 7 9 10 11 | 11.8
Fighting       | 4 5 6 8 9 10 12 | 12.0

Action                   |  1- 3 |  4- 6 |  7- 9 | 10-12 || total
-------------------------+-------+-------+-------+-------++-------
Melee: Hand axe          |    78 |   263 |   533 |   149 ||  1023
       Unarmed           |       |       |    14 |       ||    14
       War axe           |       |       |       |   104 ||   104
       Broad axe         |       |       |       |   406 ||   406
Invok: Berserk           |     1 |     2 |     6 |     6 ||    15
       Trog's Hand       |       |       |       |     1 ||     1
       Brothers in Arms  |       |       |       |     1 ||     1
  Use: Scroll            |       |       |       |    29 ||    29
       Potion            |       |       |       |     3 ||     3
  Eat: Chunk             |     2 |     7 |    18 |    27 ||    54
       Ration            |       |       |       |     2 ||     2
Armor: Animal skin       |    26 |    23 |       |       ||    49
       Plate armour      |       |   201 |   387 |   618 ||  1206
Dodge: Dodged            |    57 |   122 |   238 |   381 ||   798
